[ AOE2 MATCH · #504679349 ]
UnrankedBulgarians vs Khmer
Player's team · LOSS
[ REPLAY ANALYSIS · EXTRACTED FROM THE RECORDED GAME ]
Feudal
11:30
Castle
19:04
Imperial
37:29
| APM avg | 43.8 |
| APM peak | 91 |
| eAPM avg | 26.8 |
| Villagers / military | 114 / 152 |
Focus
⚔️ 56.5% · 🌾 43.5%
Spearman ×93 · Konnik ×44 · Fishing Ship ×13 · Monk ×7 · Galley ×7 · Trebuchet (Packed) ×1
Feudal
10:36
Castle
21:24
Imperial
34:38
| APM avg | 43.0 |
| APM peak | 81 |
| eAPM avg | 23.5 |
| Villagers / military | 118 / 135 |
Focus
⚔️ 36.4% · 🌾 63.6%
Knight ×71 · Spearman ×28 · Scout Cavalry ×18 · Fire Galley ×10 · Fishing Ship ×8 · Battering Ram ×5
Feudal
9:33
Castle
20:04
Imperial
30:53
| APM avg | 37.5 |
| APM peak | 81 |
| eAPM avg | 22.4 |
| Villagers / military | 129 / 160 |
Focus
⚔️ 39.1% · 🌾 60.9%
Battle Elephant ×117 · Scout Cavalry ×41 · Trebuchet (Packed) ×2
Feudal
11:29
Castle
17:04
Imperial
37:26
| APM avg | 36.1 |
| APM peak | 91 |
| eAPM avg | 19.2 |
| Villagers / military | 86 / 110 |
Focus
⚔️ 28.7% · 🌾 71.3%
Archer ×84 · Monk ×9 · Fishing Ship ×5 · Mangonel ×4 · Trade Cart ×4 · Cannon Galleon ×4
Feudal
12:01
Castle
15:36
Imperial
38:27
| APM avg | 33.4 |
| APM peak | 89 |
| eAPM avg | 16.3 |
| Villagers / military | 91 / 37 |
Focus
⚔️ 30.3% · 🌾 69.7%
Unknown (2550) ×82 · Spearman ×25 · Kamayuk ×12
Feudal
14:26
Castle
36:51
Imperial
—
| APM avg | 26.5 |
| APM peak | 50 |
| eAPM avg | 16.3 |
| Villagers / military | 71 / 136 |
Focus
⚔️ 38.7% · 🌾 61.3%
Spearman ×76 · Militia ×35 · Battering Ram ×22 · Fishing Ship ×10 · Petard ×3
Feudal
11:14
Castle
17:51
Imperial
—
| APM avg | 35.2 |
| APM peak | 98 |
| eAPM avg | 13.5 |
| Villagers / military | 86 / 43 |
Focus
⚔️ 24.7% · 🌾 75.3%
Knight ×37 · Monk ×5 · Fishing Ship ×3 · Scout Cavalry ×1
Feudal
13:20
Castle
20:30
Imperial
40:55
| APM avg | 20.9 |
| APM peak | 53 |
| eAPM avg | 14.3 |
| Villagers / military | 128 / 70 |
Focus
⚔️ 33.8% · 🌾 66.2%
Mangudai ×34 · Spearman ×25 · Mangonel ×6 · Fishing Ship ×4 · Scorpion ×2 · Battering Ram ×2
Match map
Initial resources + every placement click. Lines = walls · curves = elevation contours. ◆ gold · ⬟ stone · ● berries · ✦ relic · ◌ wall gap
Your base· ✓ Map-separated
SSRP.BungoBaggins's base· ✓ Map-separated
ELEG | KYNBA's base· ✓ Map-separated
Boywars's base· ✓ Map-separated
Susheiro's base· ✓ Map-separated
El Fantasma de Pancho Villa's base· ✓ Map-separated
ELEG VACASADA's base· ✓ Map-separated
MEERIYEINMMD's base· ✓ Map-separated
Smoothed initial terrain · ◌ = detected wall gap · hover for details
Inputs per minute
— Fun4 - - SSRP.BungoBaggins
Build order — Fun4
First 150 of 452 actions detected
| 0:04 | Create | Villager (Male) |
| 0:05 | Create | Villager (Male) |
| 0:05 | Create | Villager (Male) |
| 0:06 | Build | House |
| 0:08 | Build | House |
| 0:25 | Create | Villager (Male) |
| 1:29 | Research | Loom |
| 1:32 | Create | Villager (Male) |
| 1:55 | Create | Villager (Male) |
| 2:32 | Create | Villager (Male) |
| 3:06 | Create | Villager (Male) |
| 3:08 | Create | Villager (Male) |
| 3:10 | Build | Lumber Camp |
| 3:29 | Build | House |
| 3:37 | Create | Villager (Male) |
| 4:13 | Create | Villager (Male) |
| 4:19 | Create | Villager (Male) |
| 4:26 | Build | Palisade Wall |
| 4:28 | Build | Palisade Wall |
| 4:29 | Build | Palisade Wall |
| 4:30 | Build | Palisade Wall |
| 4:35 | Create | Villager (Male) |
| 5:16 | Create | Villager (Male) |
| 5:58 | Create | Villager (Male) |
| 6:00 | Build | House |
| 6:05 | Create | Villager (Male) |
| 6:23 | Create | Villager (Male) |
| 6:46 | Build | Dock |
| 7:20 | Create | Villager (Male) |
| 7:32 | Build | House |
| 7:34 | Create | Fishing Ship |
| 7:39 | Create | Fishing Ship |
| 7:52 | Create | Villager (Male) |
| 8:26 | Create | Villager (Male) |
| 8:41 | Create | Fishing Ship |
| 8:55 | Build | Mining Camp |
| 8:55 | Create | Villager (Male) |
| 9:20 | Research | Feudal Age |
| 9:24 | Create | Fishing Ship |
| 10:05 | Build | House |
| 10:27 | Create | Villager (Male) |
| 10:41 | Build | Dock |
| 11:11 | Create | Fishing Ship |
| 11:22 | Build | House |
| 11:30 | Age | Feudal Age |
| 11:33 | Create | Galley |
| 11:38 | Create | Villager (Male) |
| 11:39 | Research | Double-Bit Axe |
| 11:59 | Create | Galley |
| 12:23 | Create | Villager (Male) |
| 12:28 | Build | House |
| 12:29 | Build | Palisade Wall |
| 12:33 | Create | Galley |
| 12:43 | Create | Villager (Male) |
| 12:47 | Create | Galley |
| 13:01 | Build | Palisade Wall |
| 13:14 | Create | Villager (Male) |
| 13:17 | Create | Galley |
| 13:23 | Create | Villager (Male) |
| 13:34 | Create | Villager (Male) |
| 13:44 | Create | Villager (Male) |
| 13:51 | Build | Blacksmith |
| 13:56 | Build | House |
| 14:06 | Build | Mill |
| 14:18 | Build | Lumber Camp |
| 14:28 | Create | Galley |
| 14:28 | Create | Galley |
| 14:40 | Research | Gold Mining |
| 14:50 | Create | Villager (Male) |
| 14:53 | Research | Fletching |
| 15:12 | Create | Villager (Male) |
| 15:15 | Build | Market |
| 15:28 | Create | Fishing Ship |
| 15:41 | Create | Fishing Ship |
| 15:47 | Build | House |
| 15:55 | Research | Town Watch |
| 16:04 | Research | Tech 906 |
| 16:24 | Research | Castle Age |
| 16:35 | Build | Mining Camp |
| 17:01 | Build | Stone Wall |
| 17:02 | Build | Stone Wall |
| 17:05 | Build | Stone Wall |
| 17:31 | Build | Gate |
| 17:33 | Build | Stone Wall |
| 17:34 | Build | Stone Wall |
| 17:35 | Build | Stone Wall |
| 17:47 | Create | Fishing Ship |
| 17:47 | Create | Fishing Ship |
| 18:09 | Build | Barracks |
| 18:26 | Build | Lumber Camp |
| 18:57 | Create | Fishing Ship |
| 18:58 | Create | Fishing Ship |
| 19:04 | Age | Castle Age |
| 19:06 | Research | Wheelbarrow |
| 19:07 | Research | Bow Saw |
| 19:08 | Create | Villager (Male) |
| 19:17 | Research | War Galley (upgrade) |
| 19:31 | Create | Villager (Male) |
| 19:48 | Create | Villager (Male) |
| 20:04 | Create | Villager (Male) |
| 20:07 | Build | House |
| 20:13 | Build | Palisade Wall |
| 20:16 | Build | Palisade Wall |
| 20:25 | Create | Villager (Male) |
| 20:27 | Build | Barracks |
| 20:37 | Create | Villager (Male) |
| 20:56 | Research | Bodkin Arrow |
| 20:59 | Create | Villager (Male) |
| 21:02 | Build | Town Center |
| 21:19 | Create | Villager (Male) |
| 21:22 | Build | Stable |
| 21:27 | Create | Villager (Male) |
| 22:02 | Build | House |
| 22:03 | Create | Villager (Male) |
| 22:11 | Create | Villager (Male) |
| 22:18 | Create | Villager (Male) |
| 22:26 | Build | Town Center |
| 22:47 | Research | Bloodlines |
| 22:48 | Research | Husbandry |
| 23:01 | Build | Krepost |
| 23:05 | Create | Villager (Male) |
| 23:33 | Research | Stone Mining |
| 23:39 | Build | Farm |
| 23:39 | Build | Farm |
| 23:40 | Build | Farm |
| 23:41 | Build | Farm |
| 24:00 | Create | Villager (Male) |
| 24:03 | Build | House |
| 24:18 | Research | Scale Barding Armor |
| 24:20 | Create | Villager (Male) |
| 24:24 | Create | Villager (Male) |
| 24:25 | Create | Villager (Male) |
| 24:31 | Create | Konnik |
| 24:33 | Create | Konnik |
| 24:35 | Build | Monastery |
| 24:47 | Create | Villager (Male) |
| 24:49 | Create | Konnik |
| 24:58 | Create | Villager (Male) |
| 25:00 | Build | Farm |
| 25:03 | Research | Horse Collar |
| 25:06 | Create | Monk |
| 25:10 | Build | Castle |
| 25:15 | Create | Konnik |
| 25:21 | Create | Villager (Male) |
| 25:26 | Build | Dock |
| 25:34 | Create | Konnik |
| 25:39 | Build | Farm |
| 25:42 | Build | Farm |
| 25:44 | Create | Villager (Male) |
| 25:44 | Create | Villager (Male) |
Build order — SSRP.BungoBaggins
First 150 of 364 actions detected
| 0:01 | Create | Villager (Male) |
| 0:01 | Create | Villager (Male) |
| 0:01 | Create | Villager (Male) |
| 0:02 | Create | Villager (Male) |
| 0:02 | Create | Villager (Male) |
| 0:04 | Build | House |
| 0:06 | Build | House |
| 1:17 | Create | Villager (Male) |
| 1:48 | Build | Lumber Camp |
| 1:51 | Create | Villager (Male) |
| 1:51 | Create | Villager (Male) |
| 2:20 | Create | Villager (Male) |
| 2:41 | Build | House |
| 2:45 | Research | Loom |
| 2:46 | Create | Villager (Male) |
| 2:46 | Create | Villager (Male) |
| 3:29 | Create | Villager (Male) |
| 3:29 | Create | Villager (Male) |
| 3:31 | Create | Villager (Male) |
| 3:57 | Create | Villager (Male) |
| 4:26 | Create | Villager (Male) |
| 4:51 | Build | Dock |
| 5:10 | Create | Villager (Male) |
| 5:10 | Create | Villager (Male) |
| 5:10 | Create | Villager (Male) |
| 5:10 | Create | Villager (Male) |
| 5:11 | Create | Villager (Male) |
| 5:16 | Build | Palisade Wall |
| 5:17 | Build | Palisade Wall |
| 5:30 | Build | House |
| 5:44 | Create | Villager (Male) |
| 5:48 | Build | Palisade Gate |
| 5:51 | Build | Palisade Wall |
| 6:12 | Create | Fishing Ship |
| 6:12 | Create | Fishing Ship |
| 6:51 | Create | Villager (Male) |
| 6:54 | Create | Fishing Ship |
| 7:53 | Create | Villager (Male) |
| 7:59 | Create | Fishing Ship |
| 8:05 | Build | Mining Camp |
| 8:16 | Build | House |
| 8:26 | Research | Feudal Age |
| 8:35 | Build | Donjon |
| 8:45 | Build | Outpost |
| 8:48 | Build | Outpost |
| 9:27 | Build | Lumber Camp |
| 10:22 | Build | Dock |
| 10:29 | Build | House |
| 10:33 | Build | Palisade Wall |
| 10:36 | Age | Feudal Age |
| 10:41 | Create | Villager (Male) |
| 10:42 | Research | Double-Bit Axe |
| 10:49 | Create | Fire Galley |
| 10:51 | Create | Villager (Male) |
| 11:14 | Create | Villager (Male) |
| 11:17 | Build | House |
| 11:20 | Build | House |
| 11:21 | Build | House |
| 11:26 | Create | Villager (Male) |
| 11:45 | Build | Mill |
| 11:56 | Build | Palisade Wall |
| 11:58 | Build | Palisade Gate |
| 11:59 | Create | Villager (Male) |
| 11:59 | Create | Villager (Male) |
| 12:06 | Create | Fire Galley |
| 12:07 | Create | Villager (Male) |
| 12:18 | Create | Unit 2626 |
| 12:19 | Create | Villager (Male) |
| 12:27 | Build | House |
| 12:28 | Build | House |
| 12:48 | Create | Fire Galley ×2 |
| 12:49 | Create | Villager (Male) |
| 12:53 | Build | House |
| 13:04 | Create | Spearman |
| 13:05 | Create | Spearman |
| 13:14 | Create | Villager (Male) |
| 13:16 | Build | Farm |
| 13:21 | Research | Horse Collar |
| 13:21 | Research | Horse Collar |
| 13:51 | Build | Barracks |
| 13:54 | Build | Palisade Wall |
| 13:55 | Create | Villager (Male) |
| 13:58 | Build | Outpost |
| 13:59 | Build | Outpost |
| 14:02 | Create | Villager (Male) |
| 14:18 | Build | Farm |
| 14:19 | Build | Farm |
| 14:31 | Build | Farm |
| 14:43 | Build | Farm |
| 14:49 | Build | House |
| 14:50 | Build | House |
| 14:52 | Build | Palisade Wall |
| 14:53 | Create | Villager (Male) |
| 15:02 | Create | Villager (Male) |
| 15:04 | Build | Farm |
| 15:13 | Build | Farm |
| 15:27 | Build | Mining Camp |
| 15:29 | Create | Villager (Male) |
| 15:44 | Build | House |
| 15:46 | Build | House |
| 15:52 | Build | Farm |
| 16:12 | Research | Tech 906 |
| 16:34 | Build | Dock |
| 16:38 | Create | Villager (Male) |
| 16:56 | Build | Farm |
| 17:00 | Build | Farm |
| 17:05 | Create | Villager (Male) |
| 17:07 | Build | Farm |
| 17:30 | Build | Blacksmith |
| 17:44 | Create | Villager (Male) |
| 17:53 | Build | Outpost |
| 18:06 | Build | Market |
| 18:10 | Research | Town Watch |
| 18:36 | Build | Donjon |
| 18:44 | Research | Castle Age |
| 18:44 | Research | Castle Age |
| 18:56 | Create | Fishing Ship ×2 |
| 19:08 | Research | Scale Mail Armor |
| 19:28 | Build | Barracks |
| 19:35 | Research | Gold Mining |
| 19:46 | Build | Lumber Camp |
| 20:14 | Research | Scale Barding Armor |
| 20:42 | Build | Stable |
| 20:45 | Build | House |
| 20:48 | Research | Forging |
| 20:50 | Create | Villager (Male) |
| 21:03 | Create | Fishing Ship |
| 21:03 | Create | Fishing Ship |
| 21:13 | Build | House |
| 21:15 | Build | House |
| 21:17 | Build | Palisade Wall |
| 21:24 | Age | Castle Age |
| 21:29 | Build | Stable |
| 21:34 | Create | Villager (Male) |
| 21:39 | Research | Bow Saw |
| 21:54 | Create | Villager (Male) |
| 22:05 | Create | Villager (Male) |
| 22:09 | Build | Lumber Camp |
| 22:25 | Research | War Galley (upgrade) |
| 22:25 | Create | Villager (Male) |
| 22:35 | Research | Chain Barding Armor |
| 22:38 | Research | Bloodlines |
| 22:38 | Research | Husbandry |
| 22:42 | Create | Villager (Male) |
| 22:42 | Create | Villager (Male) |
| 22:57 | Create | Fire Galley ×2 |
| 22:57 | Create | Fire Galley ×2 |
| 23:02 | Build | Outpost |
| 23:03 | Build | Outpost |
| 23:08 | Build | House |
Build order — ELEG | KYNBA
First 150 of 429 actions detected
| 0:02 | Build | House |
| 0:03 | Build | House |
| 0:09 | Create | Villager (Male) |
| 0:09 | Create | Villager (Male) |
| 0:18 | Create | Villager (Male) |
| 0:26 | Create | Villager (Male) |
| 1:20 | Create | Villager (Male) |
| 1:53 | Build | Lumber Camp |
| 2:05 | Create | Villager (Male) |
| 2:32 | Create | Villager (Male) |
| 2:55 | Build | Palisade Wall |
| 2:56 | Build | Palisade Wall |
| 2:58 | Create | Villager (Male) |
| 2:59 | Create | Villager (Male) |
| 3:12 | Create | Villager (Male) |
| 3:28 | Build | House |
| 3:41 | Create | Villager (Male) |
| 4:04 | Create | Villager (Male) |
| 4:04 | Create | Villager (Male) |
| 4:20 | Create | Villager (Male) |
| 4:21 | Create | Villager (Male) |
| 4:46 | Create | Villager (Male) |
| 5:20 | Build | Mill |
| 5:43 | Create | Villager (Male) |
| 6:03 | Create | Villager (Male) |
| 6:03 | Create | Villager (Male) |
| 6:26 | Create | Villager (Male) |
| 7:23 | Research | Feudal Age |
| 8:57 | Build | House |
| 9:19 | Create | Villager (Male) |
| 9:19 | Create | Villager (Male) |
| 9:25 | Build | House |
| 9:33 | Age | Feudal Age |
| 9:35 | Build | Stable |
| 9:40 | Build | Stable |
| 9:52 | Research | Double-Bit Axe |
| 9:52 | Research | Double-Bit Axe |
| 10:19 | Create | Villager (Male) |
| 10:23 | Create | Scout Cavalry |
| 10:23 | Create | Scout Cavalry |
| 10:24 | Create | Scout Cavalry |
| 10:24 | Create | Scout Cavalry |
| 10:28 | Research | Bloodlines |
| 10:32 | Create | Scout Cavalry |
| 10:33 | Create | Scout Cavalry |
| 10:45 | Build | Farm |
| 10:48 | Build | Farm |
| 10:53 | Create | Villager (Male) |
| 11:01 | Build | Farm |
| 11:20 | Create | Villager (Male) |
| 11:20 | Create | Villager (Male) |
| 11:21 | Create | Villager (Male) |
| 11:23 | Build | Farm |
| 11:33 | Build | Farm |
| 11:46 | Build | House |
| 11:47 | Create | Villager (Male) |
| 11:51 | Build | House |
| 12:02 | Build | Farm |
| 12:12 | Create | Scout Cavalry |
| 12:13 | Create | Scout Cavalry |
| 12:19 | Create | Villager (Male) |
| 12:20 | Create | Villager (Male) |
| 12:27 | Create | Villager (Male) |
| 12:27 | Create | Villager (Male) |
| 12:46 | Create | Scout Cavalry |
| 12:46 | Create | Scout Cavalry |
| 12:50 | Build | Farm |
| 12:51 | Build | Farm |
| 12:55 | Build | Farm |
| 13:03 | Create | Villager (Male) |
| 13:06 | Build | Farm |
| 13:19 | Create | Villager (Male) |
| 13:21 | Build | Farm |
| 13:27 | Build | Farm |
| 13:45 | Create | Villager (Male) |
| 13:52 | Build | Farm |
| 14:15 | Build | House |
| 14:19 | Create | Villager (Male) |
| 14:22 | Build | Mining Camp |
| 14:25 | Create | Villager (Male) |
| 14:27 | Create | Villager (Male) |
| 15:03 | Build | House |
| 15:29 | Build | Farm |
| 15:32 | Create | Villager (Male) |
| 15:35 | Research | Horse Collar |
| 15:49 | Research | Gold Mining |
| 16:09 | Create | Villager (Male) |
| 16:09 | Create | Villager (Male) |
| 16:13 | Research | Loom |
| 16:56 | Create | Villager (Male) |
| 17:08 | Build | Stone Wall |
| 17:22 | Research | Castle Age |
| 17:22 | Research | Castle Age |
| 17:55 | Build | Blacksmith |
| 18:03 | Build | Farm |
| 18:05 | Build | House |
| 18:07 | Build | House |
| 18:50 | Build | Stable |
| 19:01 | Research | Scale Barding Armor |
| 19:01 | Research | Forging |
| 19:18 | Build | House |
| 19:23 | Build | House |
| 19:26 | Build | House |
| 19:30 | Build | Stone Wall |
| 19:43 | Create | Villager (Male) |
| 19:48 | Research | Wheelbarrow |
| 20:04 | Age | Castle Age |
| 20:04 | Create | Villager (Male) |
| 20:06 | Create | Battle Elephant ×5 |
| 20:07 | Create | Battle Elephant ×5 |
| 20:36 | Research | Light Cavalry (upgrade) |
| 20:44 | Build | Farm |
| 20:44 | Build | Farm |
| 20:44 | Build | Farm |
| 20:45 | Build | Farm |
| 20:50 | Build | House |
| 20:58 | Build | Stone Wall |
| 20:59 | Build | Stone Wall |
| 21:15 | Build | Farm |
| 21:15 | Build | Farm |
| 21:15 | Build | Farm |
| 21:15 | Build | Farm |
| 21:16 | Build | Farm |
| 21:16 | Build | Farm |
| 21:16 | Build | Farm |
| 21:17 | Build | Farm |
| 21:17 | Build | Farm |
| 21:19 | Create | Villager (Male) |
| 21:21 | Create | Battle Elephant |
| 21:21 | Create | Battle Elephant |
| 22:00 | Create | Battle Elephant ×3 |
| 22:00 | Create | Battle Elephant ×3 |
| 22:10 | Create | Villager (Male) |
| 22:17 | Research | Bow Saw |
| 22:29 | Create | Villager (Male) |
| 22:31 | Create | Battle Elephant |
| 22:54 | Research | Husbandry |
| 22:56 | Create | Villager (Male) |
| 22:57 | Create | Villager (Male) |
| 23:07 | Build | Farm |
| 23:08 | Build | Farm |
| 23:09 | Build | Farm |
| 23:14 | Create | Villager (Male) |
| 23:39 | Build | Farm |
| 23:57 | Create | Villager (Male) |
| 23:58 | Create | Villager (Male) |
| 24:00 | Build | Farm |
| 24:00 | Build | Farm |
| 24:01 | Create | Villager (Male) |
| 24:15 | Research | Chain Barding Armor |
Build order — Boywars
First 150 of 326 actions detected
| 0:03 | Create | Villager (Male) |
| 0:03 | Create | Villager (Male) |
| 0:03 | Create | Villager (Male) |
| 0:03 | Create | Villager (Male) |
| 0:05 | Build | House |
| 0:08 | Build | House |
| 1:25 | Create | Villager (Male) |
| 1:27 | Build | Lumber Camp |
| 1:47 | Create | Villager (Male) |
| 2:20 | Create | Villager (Male) |
| 2:42 | Create | Villager (Male) |
| 2:52 | Research | Loom |
| 3:01 | Create | Villager (Male) |
| 3:30 | Create | Villager (Male) |
| 3:32 | Build | House |
| 3:34 | Build | House |
| 4:29 | Build | Palisade Wall |
| 4:35 | Create | Villager (Male) |
| 4:35 | Create | Villager (Male) |
| 4:35 | Create | Villager (Male) |
| 5:21 | Build | Palisade Wall |
| 5:23 | Build | Palisade Wall |
| 5:37 | Build | Mill |
| 5:56 | Create | Villager (Male) |
| 5:56 | Create | Villager (Male) |
| 5:56 | Create | Villager (Male) |
| 5:57 | Create | Villager (Male) |
| 6:33 | Build | Palisade Wall |
| 6:37 | Create | Villager (Male) |
| 6:52 | Build | Mining Camp |
| 7:02 | Build | Dock |
| 7:57 | Create | Villager (Male) |
| 8:10 | Create | Villager (Male) |
| 8:19 | Create | Fishing Ship |
| 8:19 | Create | Fishing Ship |
| 8:26 | Build | Palisade Wall |
| 8:27 | Build | Palisade Wall |
| 8:38 | Build | House |
| 8:52 | Create | Villager (Male) |
| 9:19 | Research | Feudal Age |
| 9:29 | Create | Fishing Ship |
| 10:02 | Build | Palisade Wall |
| 10:14 | Build | House |
| 11:29 | Create | Villager (Male) |
| 11:29 | Age | Feudal Age |
| 11:29 | Create | Villager (Male) |
| 11:38 | Build | Blacksmith |
| 11:46 | Build | Market |
| 12:04 | Create | Villager (Male) |
| 12:35 | Build | Palisade Wall |
| 12:37 | Build | Palisade Wall |
| 12:41 | Build | Palisade Wall |
| 12:43 | Build | Palisade Wall |
| 12:47 | Build | Palisade Wall |
| 13:02 | Build | House |
| 13:04 | Build | Palisade Wall |
| 13:06 | Build | House |
| 13:23 | Create | Villager (Male) |
| 13:33 | Build | Barracks |
| 13:39 | Research | Fletching |
| 14:04 | Build | Palisade Wall |
| 14:05 | Build | Palisade Wall |
| 14:07 | Build | Palisade Wall |
| 14:24 | Research | Castle Age |
| 14:29 | Build | Archery Range |
| 14:41 | Build | Archery Range |
| 14:46 | Create | Spearman |
| 15:22 | Research | Double-Bit Axe |
| 15:25 | Build | Palisade Wall |
| 15:26 | Build | Palisade Wall |
| 15:43 | Create | Villager (Male) |
| 16:34 | Create | Archer |
| 16:34 | Create | Archer |
| 16:35 | Create | Archer |
| 16:35 | Create | Archer |
| 17:04 | Age | Castle Age |
| 17:06 | Build | Town Center |
| 17:14 | Build | Town Center |
| 17:22 | Research | Crossbowman (upgrade) |
| 17:23 | Create | Archer |
| 17:24 | Create | Archer |
| 17:24 | Create | Archer |
| 17:24 | Create | Archer |
| 17:25 | Create | Archer |
| 17:25 | Create | Archer |
| 17:25 | Create | Archer |
| 17:25 | Create | Archer |
| 17:35 | Create | Villager (Male) |
| 17:36 | Create | Villager (Male) |
| 17:44 | Build | Palisade Wall |
| 18:07 | Create | Villager (Male) |
| 18:22 | Create | Fire Galley |
| 19:01 | Build | Palisade Wall |
| 19:05 | Create | Villager (Male) |
| 19:05 | Create | Villager (Male) |
| 19:38 | Create | Archer |
| 19:38 | Create | Archer |
| 19:39 | Create | Archer |
| 19:39 | Create | Archer |
| 19:39 | Create | Archer |
| 19:40 | Create | Archer |
| 19:43 | Create | Villager (Male) |
| 19:43 | Create | Villager (Male) |
| 19:48 | Build | Farm |
| 19:49 | Build | Farm |
| 19:52 | Build | Archery Range |
| 19:53 | Build | Archery Range |
| 20:14 | Create | Fishing Ship |
| 20:14 | Create | Fishing Ship |
| 20:19 | Build | House |
| 20:19 | Build | House |
| 20:40 | Build | Palisade Wall |
| 20:54 | Research | Bodkin Arrow |
| 21:00 | Build | Market |
| 21:27 | Build | House |
| 21:30 | Create | Villager (Male) |
| 21:47 | Build | Siege Workshop |
| 21:50 | Build | Mining Camp |
| 21:59 | Build | Town Center |
| 22:19 | Create | Villager (Male) |
| 22:27 | Create | Archer |
| 22:27 | Create | Archer |
| 22:27 | Create | Archer |
| 22:27 | Create | Archer |
| 22:28 | Create | Archer |
| 22:28 | Create | Archer |
| 22:34 | Create | Villager (Male) |
| 22:47 | Create | Trade Cart |
| 23:07 | Create | Villager (Male) |
| 23:12 | Create | Villager (Male) |
| 23:29 | Create | Villager (Male) |
| 23:41 | Build | Monastery |
| 23:56 | Research | Padded Archer Armor |
| 23:58 | Create | Villager (Male) |
| 24:02 | Build | Farm |
| 24:20 | Create | Monk |
| 24:20 | Create | Monk |
| 24:21 | Create | Monk |
| 24:21 | Create | Monk |
| 24:21 | Create | Monk |
| 24:36 | Build | House |
| 24:38 | Build | House |
| 24:40 | Build | House |
| 24:43 | Build | House |
| 25:06 | Create | Fire Galley |
| 25:31 | Create | Battering Ram |
| 25:40 | Build | Town Center |
| 25:49 | Create | Battering Ram |
| 25:52 | Create | Villager (Male) |
| 25:55 | Create | Villager (Male) |
Build order — Susheiro
First 150 of 281 actions detected
| 0:02 | Create | Villager (Male) |
| 0:02 | Create | Villager (Male) |
| 0:03 | Build | House |
| 0:04 | Build | House |
| 0:05 | Create | Villager (Male) |
| 0:05 | Create | Villager (Male) |
| 1:35 | Create | Villager (Male) |
| 1:35 | Create | Villager (Male) |
| 2:01 | Create | Villager (Male) |
| 2:48 | Create | Villager (Male) |
| 4:02 | Create | Villager (Male) |
| 4:14 | Create | Villager (Male) |
| 4:16 | Create | Villager (Male) |
| 4:25 | Create | Villager (Male) |
| 4:31 | Create | Villager (Male) |
| 4:51 | Build | Settlement |
| 4:54 | Create | Villager (Male) |
| 4:54 | Create | Villager (Male) |
| 5:45 | Build | Settlement |
| 5:53 | Create | Villager (Male) |
| 6:29 | Create | Villager (Male) |
| 6:37 | Create | Villager (Male) |
| 6:37 | Create | Villager (Male) |
| 7:02 | Create | Villager (Male) |
| 7:29 | Create | Villager (Male) |
| 7:29 | Create | Villager (Male) |
| 9:50 | Research | Loom |
| 9:50 | Research | Feudal Age |
| 10:52 | Create | Villager (Male) |
| 10:53 | Create | Villager (Male) |
| 12:01 | Age | Feudal Age |
| 12:03 | Build | Blacksmith |
| 12:07 | Build | Market |
| 12:56 | Research | Castle Age |
| 13:05 | Research | Double-Bit Axe |
| 13:08 | Research | Horse Collar |
| 14:39 | Build | Barracks |
| 14:42 | Create | Villager (Male) |
| 15:36 | Age | Castle Age |
| 15:42 | Build | Town Center |
| 15:46 | Create | Villager (Male) |
| 15:48 | Research | Tech 1402 |
| 15:52 | Research | Bow Saw |
| 16:01 | Research | Loom |
| 16:02 | Research | Wheelbarrow |
| 16:38 | Create | Villager (Male) |
| 16:56 | Research | Heavy Plow |
| 17:08 | Create | Villager (Male) |
| 17:37 | Create | Villager (Male) |
| 17:40 | Create | Unit 2550 |
| 17:43 | Build | Farm |
| 17:44 | Build | Farm |
| 17:48 | Build | Farm |
| 18:06 | Build | Farm |
| 18:10 | Build | Farm |
| 18:30 | Build | Farm |
| 18:31 | Build | Farm |
| 18:31 | Build | Farm |
| 18:32 | Build | Farm |
| 18:34 | Build | Farm |
| 18:38 | Create | Villager (Male) |
| 19:10 | Create | Villager (Male) |
| 19:12 | Build | Farm |
| 19:25 | Build | Farm |
| 19:29 | Build | Farm |
| 19:49 | Research | Squires |
| 19:51 | Build | Farm |
| 20:12 | Create | Villager (Male) |
| 20:12 | Create | Villager (Male) |
| 20:17 | Build | Farm |
| 20:18 | Build | Farm |
| 20:18 | Build | Farm |
| 20:18 | Build | Farm |
| 20:19 | Build | Farm |
| 20:19 | Build | Farm |
| 20:20 | Build | Farm |
| 20:20 | Build | Farm |
| 20:25 | Build | Farm |
| 20:36 | Research | Tech 1351 |
| 20:40 | Create | Villager (Male) |
| 20:41 | Create | Villager (Male) |
| 20:51 | Build | Farm |
| 21:08 | Create | Villager (Male) |
| 21:09 | Create | Villager (Male) |
| 21:34 | Create | Villager (Male) |
| 21:34 | Create | Villager (Male) |
| 21:50 | Create | Villager (Male) |
| 21:50 | Create | Villager (Male) |
| 21:54 | Research | Tech 1351 |
| 22:07 | Build | Farm |
| 22:29 | Create | Villager (Male) |
| 22:29 | Create | Villager (Male) |
| 22:31 | Build | Farm |
| 22:55 | Build | Town Center |
| 23:06 | Create | Villager (Male) |
| 23:06 | Create | Villager (Male) |
| 23:08 | Build | Farm |
| 23:15 | Build | House |
| 23:27 | Create | Villager (Male) |
| 23:27 | Create | Villager (Male) |
| 23:32 | Build | Farm |
| 24:10 | Build | Farm |
| 24:11 | Create | Villager (Male) |
| 24:12 | Create | Villager (Male) |
| 24:12 | Create | Villager (Male) |
| 24:28 | Research | Hand Cart |
| 24:33 | Create | Villager (Male) |
| 24:33 | Create | Villager (Male) |
| 24:36 | Build | House |
| 24:38 | Build | House |
| 24:50 | Build | Farm |
| 24:55 | Research | Town Watch |
| 24:56 | Create | Villager (Male) |
| 25:04 | Create | Villager (Male) |
| 25:24 | Research | Pikeman (upgrade) |
| 25:39 | Create | Villager (Male) |
| 25:39 | Create | Villager (Male) |
| 25:39 | Create | Villager (Male) |
| 25:49 | Build | Barracks |
| 25:55 | Build | Barracks |
| 26:02 | Build | Barracks |
| 26:08 | Create | Villager (Male) |
| 26:08 | Create | Villager (Male) |
| 26:09 | Create | Villager (Male) |
| 26:13 | Build | Farm |
| 26:18 | Research | Scale Mail Armor |
| 26:25 | Research | Gold Mining |
| 26:26 | Create | Villager (Male) |
| 26:50 | Create | Unit 2550 |
| 26:50 | Create | Unit 2550 |
| 26:52 | Create | Villager (Male) |
| 26:53 | Create | Villager (Male) |
| 26:53 | Create | Villager (Male) |
| 26:56 | Build | Farm |
| 27:07 | Build | Farm |
| 27:08 | Build | Farm |
| 27:08 | Build | Farm |
| 27:08 | Build | Farm |
| 27:10 | Build | Farm |
| 27:10 | Build | Farm |
| 27:13 | Build | Farm |
| 27:23 | Build | Farm |
| 27:25 | Create | Unit 2550 |
| 27:26 | Create | Unit 2550 |
| 27:26 | Create | Unit 2550 |
| 27:29 | Research | Chain Mail Armor |
| 27:36 | Build | Blacksmith |
| 27:50 | Create | Unit 2550 |
| 27:50 | Create | Unit 2550 |
| 27:50 | Create | Unit 2550 |
Build order — El Fantasma de Pancho Villa
First 150 of 246 actions detected
| 0:03 | Create | Villager (Male) |
| 0:03 | Create | Villager (Male) |
| 0:05 | Build | House |
| 0:07 | Build | House |
| 0:20 | Create | Villager (Male) |
| 0:21 | Create | Villager (Male) |
| 1:35 | Create | Villager (Male) |
| 2:07 | Build | Dock |
| 2:16 | Create | Villager (Male) |
| 2:16 | Create | Villager (Male) |
| 2:41 | Create | Villager (Male) |
| 3:00 | Create | Villager (Male) |
| 3:22 | Research | Loom |
| 3:33 | Create | Villager (Male) |
| 3:44 | Create | Villager (Male) |
| 3:45 | Create | Villager (Male) |
| 3:50 | Build | House |
| 4:07 | Build | House |
| 4:12 | Create | Villager (Male) |
| 4:12 | Create | Villager (Male) |
| 5:03 | Create | Villager (Male) |
| 5:03 | Create | Villager (Male) |
| 5:08 | Create | Villager (Male) |
| 5:40 | Build | Lumber Camp |
| 5:42 | Create | Villager (Male) |
| 5:50 | Create | Villager (Male) |
| 6:04 | Create | Villager (Male) |
| 6:14 | Create | Villager (Male) |
| 6:14 | Create | Villager (Male) |
| 6:40 | Create | Fishing Ship |
| 7:01 | Create | Villager (Male) |
| 7:02 | Create | Villager (Male) |
| 7:06 | Create | Villager (Male) |
| 7:22 | Build | House |
| 7:23 | Build | House |
| 7:43 | Create | Villager (Male) |
| 7:43 | Create | Villager (Male) |
| 7:53 | Build | Dock |
| 8:12 | Build | House |
| 8:13 | Build | House |
| 8:27 | Create | Villager (Male) |
| 8:27 | Create | Villager (Male) |
| 8:28 | Create | Villager (Male) |
| 8:29 | Create | Villager (Male) |
| 8:30 | Create | Villager (Male) |
| 8:32 | Create | Fishing Ship |
| 8:32 | Create | Fishing Ship |
| 8:51 | Create | Villager (Male) |
| 8:58 | Create | Fishing Ship |
| 8:59 | Create | Fishing Ship |
| 9:08 | Create | Villager (Male) |
| 9:19 | Create | Fishing Ship |
| 9:48 | Build | Mining Camp |
| 9:50 | Create | Villager (Male) |
| 10:11 | Create | Fishing Ship |
| 10:29 | Create | Fishing Ship |
| 10:30 | Create | Fishing Ship |
| 10:53 | Create | Villager (Male) |
| 11:05 | Build | Mining Camp |
| 11:07 | Create | Villager (Male) |
| 11:19 | Create | Fishing Ship |
| 12:02 | Build | Barracks |
| 12:06 | Research | Feudal Age |
| 12:26 | Build | House |
| 12:27 | Build | House |
| 12:28 | Build | House |
| 12:33 | Build | Palisade Gate |
| 12:36 | Build | House |
| 12:41 | Build | Palisade Wall |
| 12:43 | Build | Palisade Wall |
| 12:44 | Build | Palisade Wall |
| 12:49 | Build | House |
| 12:54 | Create | Militia |
| 12:55 | Create | Militia |
| 12:56 | Create | Militia |
| 13:06 | Build | Palisade Wall |
| 13:10 | Build | Palisade Wall |
| 13:12 | Build | Palisade Wall |
| 13:13 | Build | Palisade Wall |
| 13:14 | Build | Palisade Wall |
| 13:17 | Build | Palisade Wall |
| 13:21 | Create | Militia ×5 |
| 13:31 | Build | Palisade Wall |
| 13:33 | Build | Palisade Wall |
| 13:46 | Build | Palisade Wall |
| 13:47 | Build | Palisade Wall |
| 13:52 | Create | Militia |
| 14:03 | Create | Villager (Male) |
| 14:26 | Age | Feudal Age |
| 14:30 | Build | Blacksmith |
| 14:45 | Build | House |
| 14:47 | Build | Palisade Wall |
| 14:50 | Create | Spearman ×5 |
| 15:06 | Build | Siege Workshop |
| 15:10 | Research | Man-at-Arms (upgrade) |
| 15:12 | Research | Scale Mail Armor |
| 15:12 | Research | Forging |
| 15:19 | Create | Villager (Male) |
| 15:34 | Build | Barracks |
| 15:43 | Create | Battering Ram |
| 16:03 | Create | Battering Ram |
| 16:15 | Build | Mill |
| 16:22 | Create | Militia ×5 |
| 16:58 | Build | Palisade Wall |
| 17:00 | Build | Palisade Wall |
| 17:08 | Create | Spearman ×5 |
| 17:34 | Create | Battering Ram |
| 17:36 | Create | Militia |
| 18:11 | Create | Villager (Male) |
| 18:13 | Research | Double-Bit Axe |
| 18:16 | Build | Lumber Camp |
| 18:27 | Create | Militia ×5 |
| 18:37 | Build | Barracks |
| 18:40 | Create | Villager (Male) |
| 18:40 | Create | Villager (Male) |
| 18:58 | Create | Spearman ×2 |
| 19:01 | Create | Villager (Male) |
| 19:06 | Build | House |
| 19:16 | Create | Villager (Male) |
| 19:21 | Create | Militia ×3 |
| 19:41 | Create | Villager (Male) |
| 19:54 | Create | Spearman ×3 |
| 19:57 | Create | Battering Ram |
| 19:57 | Create | Battering Ram |
| 19:58 | Create | Battering Ram |
| 19:58 | Create | Battering Ram |
| 19:58 | Create | Battering Ram |
| 19:58 | Create | Battering Ram |
| 19:58 | Create | Battering Ram |
| 19:58 | Create | Battering Ram |
| 19:59 | Create | Battering Ram |
| 20:48 | Create | Battering Ram |
| 20:53 | Create | Spearman ×5 |
| 20:56 | Create | Villager (Male) |
| 20:57 | Create | Villager (Male) |
| 20:57 | Create | Villager (Male) |
| 21:09 | Build | Palisade Wall |
| 21:10 | Build | Palisade Wall |
| 21:13 | Build | Palisade Wall |
| 21:14 | Build | Palisade Wall |
| 21:38 | Create | Villager (Male) |
| 21:39 | Create | Villager (Male) |
| 21:39 | Create | Villager (Male) |
| 21:46 | Create | Militia ×2 |
| 21:53 | Build | Town Center |
| 22:08 | Create | Villager (Male) |
| 22:13 | Build | House |
| 22:15 | Build | House |
| 22:54 | Create | Villager (Male) |
| 22:55 | Build | Farm |
Build order — ELEG VACASADA
First 150 of 261 actions detected
| 0:01 | Create | Villager (Male) |
| 0:01 | Create | Villager (Male) |
| 0:02 | Build | House |
| 0:03 | Build | House |
| 0:22 | Create | Villager (Male) |
| 0:42 | Create | Villager (Male) |
| 1:02 | Create | Villager (Male) |
| 1:32 | Create | Villager (Male) |
| 1:39 | Create | Villager (Male) |
| 1:48 | Build | Lumber Camp |
| 2:39 | Create | Villager (Male) |
| 2:40 | Create | Villager (Male) |
| 2:40 | Create | Villager (Male) |
| 3:45 | Create | Villager (Male) |
| 4:09 | Create | Villager (Male) |
| 4:16 | Build | House |
| 4:28 | Research | Loom |
| 5:02 | Create | Villager (Male) |
| 5:08 | Build | House |
| 5:32 | Create | Villager (Male) |
| 5:46 | Build | House |
| 6:00 | Create | Villager (Male) |
| 6:23 | Create | Villager (Male) |
| 6:29 | Create | Villager (Male) |
| 6:50 | Create | Villager (Male) |
| 7:17 | Create | Villager (Male) |
| 7:39 | Create | Villager (Male) |
| 7:45 | Build | Mining Camp |
| 7:53 | Build | Palisade Wall |
| 8:39 | Create | Villager (Male) |
| 9:01 | Research | Feudal Age |
| 9:19 | Create | Villager (Male) |
| 9:39 | Build | Dock |
| 10:33 | Build | Palisade Wall |
| 10:48 | Create | Fishing Ship |
| 11:14 | Age | Feudal Age |
| 11:43 | Build | Palisade Wall |
| 11:44 | Build | Palisade Wall |
| 11:57 | Create | Villager (Male) |
| 12:14 | Build | Blacksmith |
| 12:16 | Create | Fishing Ship |
| 12:27 | Build | Mill |
| 13:12 | Create | Villager (Male) |
| 13:26 | Build | Stone Wall |
| 13:35 | Build | Stone Wall |
| 13:38 | Create | Villager (Male) |
| 14:04 | Create | Villager (Male) |
| 14:14 | Build | Market |
| 14:27 | Build | Palisade Wall |
| 14:34 | Create | Villager (Male) |
| 15:12 | Research | Castle Age |
| 15:23 | Build | Farm |
| 15:39 | Build | Farm |
| 16:10 | Build | Stone Wall |
| 16:19 | Build | Gate |
| 16:55 | Build | Farm |
| 16:55 | Build | Farm |
| 16:59 | Build | Farm |
| 17:00 | Build | Farm |
| 17:00 | Build | Farm |
| 17:00 | Build | Farm |
| 17:14 | Build | Barracks |
| 17:31 | Research | Double-Bit Axe |
| 17:35 | Research | Horse Collar |
| 17:37 | Create | Fishing Ship |
| 17:51 | Age | Castle Age |
| 17:59 | Create | Villager (Male) |
| 18:08 | Build | House |
| 18:10 | Build | House |
| 18:24 | Build | Monastery |
| 18:34 | Build | Gate |
| 19:11 | Build | Town Center |
| 19:16 | Create | Monk |
| 19:24 | Create | Villager (Male) |
| 19:50 | Create | Monk |
| 20:02 | Build | Gate |
| 20:06 | Build | Stone Wall |
| 20:07 | Build | Stone Wall |
| 20:36 | Research | Fervor |
| 20:38 | Create | Villager (Male) |
| 20:42 | Create | Villager (Male) |
| 20:47 | Build | Stable |
| 20:54 | Create | Villager (Male) |
| 20:54 | Create | Villager (Male) |
| 20:56 | Create | Villager (Male) |
| 21:49 | Create | Villager (Male) |
| 21:50 | Create | Villager (Male) |
| 21:50 | Create | Villager (Male) |
| 21:54 | Research | Bloodlines |
| 22:02 | Create | Scout Cavalry |
| 22:07 | Build | Stable |
| 22:09 | Create | Villager (Male) |
| 22:09 | Create | Villager (Male) |
| 22:17 | Research | Heavy Plow |
| 22:25 | Create | Villager (Male) |
| 22:38 | Create | Villager (Male) |
| 22:39 | Create | Villager (Male) |
| 22:45 | Create | Monk |
| 23:03 | Build | Stone Wall |
| 23:23 | Build | Stone Wall |
| 23:29 | Create | Villager (Male) |
| 23:29 | Create | Villager (Male) |
| 23:32 | Build | House |
| 23:34 | Build | House |
| 23:51 | Build | Farm |
| 23:55 | Research | Husbandry |
| 24:04 | Create | Villager (Male) |
| 24:08 | Build | Farm |
| 24:08 | Build | Farm |
| 24:09 | Build | Farm |
| 24:09 | Build | Farm |
| 24:09 | Build | Farm |
| 24:10 | Build | Farm |
| 24:11 | Create | Villager (Male) |
| 24:37 | Build | Farm |
| 24:38 | Create | Villager (Male) |
| 24:38 | Create | Villager (Male) |
| 24:49 | Build | Archery Range |
| 24:53 | Create | Villager (Male) |
| 24:54 | Create | Villager (Male) |
| 25:06 | Build | Farm |
| 25:21 | Create | Monk |
| 25:42 | Create | Villager (Male) |
| 25:44 | Create | Villager (Male) |
| 25:49 | Build | House |
| 25:49 | Build | House |
| 26:05 | Build | Gate |
| 26:15 | Create | Villager (Male) |
| 26:15 | Create | Villager (Male) |
| 26:39 | Build | Farm |
| 26:46 | Research | Man-at-Arms (upgrade) |
| 26:53 | Build | House |
| 26:54 | Build | House |
| 26:56 | Create | Villager (Male) |
| 26:56 | Create | Villager (Male) |
| 27:11 | Create | Villager (Male) |
| 27:12 | Create | Villager (Male) |
| 27:16 | Build | House |
| 27:18 | Build | House |
| 27:19 | Build | House |
| 27:20 | Create | Villager (Male) |
| 27:25 | Create | Knight |
| 27:26 | Create | Knight |
| 27:26 | Create | Knight |
| 27:26 | Create | Knight |
| 27:39 | Create | Villager (Male) |
| 27:42 | Build | Farm |
| 27:43 | Create | Villager (Male) |
| 27:45 | Build | Farm |
| 27:46 | Build | Farm |
Build order — MEERIYEINMMD
First 150 of 346 actions detected
| 0:04 | Create | Villager (Male) |
| 0:05 | Create | Villager (Male) |
| 0:05 | Create | Villager (Male) |
| 0:05 | Create | Villager (Male) |
| 0:06 | Create | Villager (Male) |
| 0:09 | Build | House |
| 0:11 | Build | House |
| 1:30 | Create | Villager (Male) |
| 1:45 | Create | Villager (Male) |
| 1:45 | Create | Villager (Male) |
| 2:44 | Build | Lumber Camp |
| 3:01 | Create | Villager (Male) |
| 3:01 | Create | Villager (Male) |
| 3:01 | Create | Villager (Male) |
| 4:59 | Create | Villager (Male) |
| 4:59 | Create | Villager (Male) |
| 4:59 | Create | Villager (Male) |
| 5:00 | Create | Villager (Male) |
| 5:00 | Create | Villager (Male) |
| 5:00 | Create | Villager (Male) |
| 6:03 | Build | House |
| 6:18 | Research | Loom |
| 6:19 | Create | Villager (Male) |
| 6:20 | Create | Villager (Male) |
| 6:20 | Create | Villager (Male) |
| 6:20 | Create | Villager (Male) |
| 6:21 | Create | Villager (Male) |
| 6:21 | Create | Villager (Male) |
| 7:15 | Create | Villager (Male) |
| 7:15 | Create | Villager (Male) |
| 7:25 | Build | House |
| 7:29 | Build | House |
| 7:30 | Build | House |
| 9:24 | Build | House |
| 10:01 | Build | Mill |
| 10:04 | Create | Villager (Male) |
| 10:06 | Create | Villager (Male) |
| 10:12 | Build | House |
| 10:42 | Build | Mining Camp |
| 10:51 | Build | House |
| 10:56 | Build | House |
| 11:10 | Research | Feudal Age |
| 11:54 | Build | Palisade Gate |
| 12:03 | Build | Palisade Wall |
| 12:07 | Build | Palisade Wall |
| 12:19 | Build | Farm |
| 12:20 | Build | Farm |
| 12:20 | Build | Farm |
| 12:20 | Build | Farm |
| 12:21 | Build | Farm |
| 12:21 | Build | Farm |
| 12:21 | Build | Farm |
| 12:22 | Build | Farm |
| 12:32 | Build | Farm |
| 12:51 | Build | House |
| 13:19 | Build | Farm |
| 13:20 | Age | Feudal Age |
| 13:28 | Build | Dock |
| 13:32 | Create | Villager (Male) |
| 13:32 | Create | Villager (Male) |
| 13:33 | Create | Villager (Male) |
| 14:11 | Create | Villager (Male) |
| 14:12 | Create | Villager (Male) |
| 14:16 | Build | Blacksmith |
| 14:28 | Create | Villager (Male) |
| 15:09 | Create | Fishing Ship |
| 15:13 | Create | Fishing Ship |
| 15:33 | Research | Horse Collar |
| 15:36 | Research | Double-Bit Axe |
| 16:03 | Create | Villager (Male) |
| 16:04 | Create | Villager (Male) |
| 16:17 | Build | Market |
| 16:33 | Create | Villager (Male) |
| 17:09 | Build | Watch Tower |
| 17:37 | Create | Fishing Ship |
| 17:37 | Create | Fishing Ship |
| 17:50 | Research | Castle Age |
| 18:27 | Build | House |
| 18:30 | Build | House |
| 18:32 | Build | House |
| 18:40 | Build | House |
| 18:43 | Build | House |
| 18:46 | Build | House |
| 19:41 | Build | Gate |
| 19:49 | Build | House |
| 19:52 | Build | House |
| 19:54 | Build | House |
| 20:20 | Create | Villager (Male) |
| 20:20 | Create | Villager (Male) |
| 20:22 | Create | Villager (Male) |
| 20:30 | Age | Castle Age |
| 20:35 | Create | Fire Galley |
| 20:55 | Build | Town Center |
| 21:13 | Create | Villager (Male) |
| 21:13 | Create | Villager (Male) |
| 21:25 | Build | Mining Camp |
| 21:49 | Create | Unit 2626 |
| 22:04 | Build | House |
| 22:07 | Build | House |
| 22:12 | Build | House |
| 22:14 | Build | House |
| 22:18 | Build | House |
| 22:38 | Create | Villager (Male) |
| 22:38 | Create | Villager (Male) |
| 22:38 | Create | Villager (Male) |
| 22:39 | Create | Villager (Male) |
| 22:39 | Create | Villager (Male) |
| 22:39 | Create | Villager (Male) |
| 22:39 | Create | Villager (Male) |
| 22:40 | Create | Villager (Male) |
| 22:40 | Create | Villager (Male) |
| 22:40 | Create | Villager (Male) |
| 22:41 | Create | Villager (Male) |
| 22:47 | Build | House |
| 22:51 | Build | House |
| 22:53 | Build | House |
| 22:54 | Build | House |
| 22:57 | Build | House |
| 23:00 | Build | House |
| 23:22 | Build | Town Center |
| 23:36 | Research | Gold Mining |
| 23:39 | Research | Heavy Plow |
| 23:42 | Research | Bow Saw |
| 24:18 | Create | Villager (Male) |
| 24:19 | Create | Villager (Male) |
| 24:31 | Build | Siege Workshop |
| 25:01 | Create | Villager (Male) |
| 25:01 | Create | Villager (Male) |
| 25:02 | Create | Villager (Male) |
| 25:02 | Create | Villager (Male) |
| 25:02 | Create | Villager (Male) |
| 25:02 | Create | Villager (Male) |
| 25:04 | Create | Villager (Male) |
| 25:04 | Create | Villager (Male) |
| 25:05 | Create | Villager (Male) |
| 25:08 | Create | Mangonel |
| 25:26 | Create | Mangonel |
| 25:51 | Create | Battering Ram |
| 25:52 | Create | Villager (Male) |
| 25:52 | Create | Villager (Male) |
| 25:52 | Create | Villager (Male) |
| 26:55 | Create | Mangonel |
| 27:38 | Create | Villager (Male) |
| 27:38 | Create | Villager (Male) |
| 27:38 | Create | Villager (Male) |
| 27:38 | Create | Villager (Male) |
| 27:39 | Create | Villager (Male) |
| 27:39 | Create | Villager (Male) |
| 27:58 | Build | Castle |
| 28:22 | Create | Scorpion |
Match timeline
| 2:07 | El Fantasma de Pancho Villa · first_building Dock |
| 2:55 | ELEG | KYNBA · wall_segment Palisade Wall x1 |
| 2:56 | ELEG | KYNBA · wall_segment Palisade Wall x1 |
| 4:26 | Fun4 · wall_segment Palisade Wall x1 |
| 4:28 | Fun4 · wall_segment Palisade Wall x11 |
| 4:29 | Boywars · wall_segment Palisade Wall x8 |
| 4:29 | Fun4 · wall_segment Palisade Wall x1 |
| 4:30 | Fun4 · wall_segment Palisade Wall x1 |
| 4:51 | SSRP.BungoBaggins · first_building Dock |
| 5:16 | SSRP.BungoBaggins · wall_segment Palisade Wall x5 |
| 5:17 | SSRP.BungoBaggins · wall_segment Palisade Wall x4 |
| 5:21 | Boywars · wall_segment Palisade Wall x9 |
| 5:23 | Boywars · wall_segment Palisade Wall x9 |
| 5:51 | SSRP.BungoBaggins · wall_segment Palisade Wall x3 |
| 6:33 | Boywars · wall_segment Palisade Wall x1 |
| 6:46 | Fun4 · first_building Dock |
| 7:02 | Boywars · first_building Dock |
| 7:53 | ELEG VACASADA · wall_segment Palisade Wall x9 |
| 8:26 | Boywars · wall_segment Palisade Wall x3 |
| 8:27 | Boywars · wall_segment Palisade Wall x1 |
| 8:35 | SSRP.BungoBaggins · first_building Donjon |
| 9:33 | ELEG | KYNBA · age_up feudal |
| 9:35 | ELEG | KYNBA · first_building Stable |
| 9:39 | ELEG VACASADA · first_building Dock |
| 10:02 | Boywars · wall_segment Palisade Wall x3 |
| 10:33 | SSRP.BungoBaggins · wall_segment Palisade Wall x6 |
| 10:33 | ELEG VACASADA · wall_segment Palisade Wall x6 |
| 10:36 | SSRP.BungoBaggins · age_up feudal |
| 11:14 | ELEG VACASADA · age_up feudal |
| 11:29 | Boywars · age_up feudal |
| 11:30 | Fun4 · age_up feudal |
| 11:43 | ELEG VACASADA · wall_segment Palisade Wall x6 |
| 11:44 | ELEG VACASADA · wall_segment Palisade Wall x3 |
| 11:56 | SSRP.BungoBaggins · wall_segment Palisade Wall x7 |
| 12:01 | Susheiro · age_up feudal |
| 12:02 | El Fantasma de Pancho Villa · first_building Barracks |
| 12:03 | MEERIYEINMMD · wall_segment Palisade Wall x3 |
| 12:07 | MEERIYEINMMD · wall_segment Palisade Wall x3 |
| 12:29 | Fun4 · wall_segment Palisade Wall x1 |
| 12:35 | Boywars · wall_segment Palisade Wall x1 |
| 12:37 | Boywars · wall_segment Palisade Wall x1 |
| 12:41 | Boywars · wall_segment Palisade Wall x1 |
| 12:41 | El Fantasma de Pancho Villa · wall_segment Palisade Wall x1 |
| 12:43 | El Fantasma de Pancho Villa · wall_segment Palisade Wall x1 |
| 12:43 | Boywars · wall_segment Palisade Wall x1 |
| 12:44 | El Fantasma de Pancho Villa · wall_segment Palisade Wall x1 |
| 12:47 | Boywars · wall_segment Palisade Wall x2 |
| 13:01 | Fun4 · wall_segment Palisade Wall x1 |
| 13:04 | Boywars · wall_segment Palisade Wall x1 |
| 13:06 | El Fantasma de Pancho Villa · wall_segment Palisade Wall x1 |
| 13:10 | El Fantasma de Pancho Villa · wall_segment Palisade Wall x1 |
| 13:12 | El Fantasma de Pancho Villa · wall_segment Palisade Wall x1 |
| 13:13 | El Fantasma de Pancho Villa · wall_segment Palisade Wall x1 |
| 13:14 | El Fantasma de Pancho Villa · wall_segment Palisade Wall x1 |
| 13:17 | El Fantasma de Pancho Villa · wall_segment Palisade Wall x1 |
| 13:20 | MEERIYEINMMD · age_up feudal |
| 13:26 | ELEG VACASADA · wall_segment Stone Wall x6 |
| 13:28 | MEERIYEINMMD · first_building Dock |
| 13:31 | El Fantasma de Pancho Villa · wall_segment Palisade Wall x1 |
| 13:33 | El Fantasma de Pancho Villa · wall_segment Palisade Wall x1 |
| 13:33 | Boywars · first_building Barracks |
| 13:35 | ELEG VACASADA · wall_segment Stone Wall x7 |
| 13:46 | El Fantasma de Pancho Villa · wall_segment Palisade Wall x1 |
| 13:47 | El Fantasma de Pancho Villa · wall_segment Palisade Wall x1 |
| 13:51 | SSRP.BungoBaggins · first_building Barracks |
| 13:54 | SSRP.BungoBaggins · wall_segment Palisade Wall x7 |
| 14:04 | Boywars · wall_segment Palisade Wall x1 |
| 14:05 | Boywars · wall_segment Palisade Wall x1 |
| 14:07 | Boywars · wall_segment Palisade Wall x1 |
| 14:26 | El Fantasma de Pancho Villa · age_up feudal |
| 14:27 | ELEG VACASADA · wall_segment Palisade Wall x1 |
| 14:29 | Boywars · first_building Archery Range |
| 14:39 | Susheiro · first_building Barracks |
| 14:47 | El Fantasma de Pancho Villa · wall_segment Palisade Wall x1 |
| 14:52 | SSRP.BungoBaggins · wall_segment Palisade Wall x8 |
| 15:06 | El Fantasma de Pancho Villa · first_building Siege Workshop |
| 15:25 | Boywars · wall_segment Palisade Wall x1 |
| 15:26 | Boywars · wall_segment Palisade Wall x1 |
| 15:36 | Susheiro · age_up castle |
| 16:10 | ELEG VACASADA · wall_segment Stone Wall x4 |
| 16:58 | El Fantasma de Pancho Villa · wall_segment Palisade Wall x2 |
| 17:00 | El Fantasma de Pancho Villa · wall_segment Palisade Wall x1 |
| 17:01 | Fun4 · wall_segment Stone Wall x1 |
| 17:02 | Fun4 · wall_segment Stone Wall x1 |
| 17:04 | Boywars · age_up castle |
| 17:05 | Fun4 · wall_segment Stone Wall x1 |
| 17:08 | ELEG | KYNBA · wall_segment Stone Wall x6 |
| 17:14 | ELEG VACASADA · first_building Barracks |
| 17:33 | Fun4 · wall_segment Stone Wall x6 |
| 17:34 | Fun4 · wall_segment Stone Wall x1 |
| 17:35 | Fun4 · wall_segment Stone Wall x1 |
| 17:44 | Boywars · wall_segment Palisade Wall x1 |
| 17:51 | ELEG VACASADA · age_up castle |
| 18:09 | Fun4 · first_building Barracks |
| 18:24 | ELEG VACASADA · first_building Monastery |
| 19:01 | Boywars · wall_segment Palisade Wall x1 |
| 19:04 | Fun4 · age_up castle |
| 19:07 | ELEG VACASADA · first_market_buy 100 stone |
| 19:30 | ELEG | KYNBA · wall_segment Stone Wall x1 |
| 20:04 | ELEG | KYNBA · age_up castle |
| 20:06 | ELEG VACASADA · wall_segment Stone Wall x1 |
| 20:07 | ELEG VACASADA · wall_segment Stone Wall x1 |
| 20:13 | Fun4 · wall_segment Palisade Wall x1 |
| 20:16 | Fun4 · wall_segment Palisade Wall x1 |
| 20:30 | MEERIYEINMMD · age_up castle |
| 20:40 | Boywars · wall_segment Palisade Wall x1 |
| 20:42 | SSRP.BungoBaggins · first_building Stable |
| 20:47 | ELEG VACASADA · first_building Stable |
| 20:58 | ELEG | KYNBA · wall_segment Stone Wall x2 |
| 20:59 | ELEG | KYNBA · wall_segment Stone Wall x4 |
| 21:09 | El Fantasma de Pancho Villa · wall_segment Palisade Wall x1 |
| 21:10 | El Fantasma de Pancho Villa · wall_segment Palisade Wall x1 |
| 21:13 | El Fantasma de Pancho Villa · wall_segment Palisade Wall x1 |
| 21:14 | El Fantasma de Pancho Villa · wall_segment Palisade Wall x1 |
| 21:17 | SSRP.BungoBaggins · wall_segment Palisade Wall x6 |
| 21:22 | Fun4 · first_building Stable |
| 21:24 | SSRP.BungoBaggins · age_up castle |
| 21:47 | Boywars · first_building Siege Workshop |
| 21:54 | Boywars · first_market_buy 100 stone |
| 23:01 | Fun4 · first_building Krepost |
| 23:03 | ELEG VACASADA · wall_segment Stone Wall x7 |
| 23:23 | ELEG VACASADA · wall_segment Stone Wall x14 |
| 23:41 | Boywars · first_building Monastery |
| 24:31 | MEERIYEINMMD · first_building Siege Workshop |
| 24:35 | Fun4 · first_building Monastery |
| 24:49 | ELEG VACASADA · first_building Archery Range |
| 25:10 | Fun4 · first_building Castle |
| 25:28 | SSRP.BungoBaggins · first_building Monastery |
| 27:25 | SSRP.BungoBaggins · wall_segment Palisade Wall x6 |
| 27:57 | SSRP.BungoBaggins · first_building Siege Workshop |
| 27:58 | MEERIYEINMMD · first_building Castle |
| 29:40 | SSRP.BungoBaggins · first_market_sell 100 stone |
| 29:41 | SSRP.BungoBaggins · first_market_buy 100 wood |
| 30:09 | Boywars · first_building Castle |
| 30:13 | Boywars · wall_segment Stone Wall x6 |
| 30:27 | Boywars · wall_segment Stone Wall x4 |
| 30:53 | ELEG | KYNBA · age_up imperial |
| 30:54 | Boywars · first_market_sell 100 wood |
| 31:19 | Fun4 · first_market_sell 100 wood |
| 32:44 | Boywars · wall_segment Stone Wall x6 |
| 32:50 | MEERIYEINMMD · wall_segment Stone Wall x17 |
| 32:52 | ELEG VACASADA · first_building Castle |
| 32:58 | Susheiro · first_market_buy 100 stone |
| 33:02 | ELEG VACASADA · wall_segment Palisade Wall x1 |
| 33:31 | Susheiro · first_building Monastery |
| 34:01 | MEERIYEINMMD · first_building Barracks |
| 34:02 | Boywars · wall_segment Stone Wall x1 |
| 34:11 | Susheiro · first_building Castle |
| 34:37 | ELEG VACASADA · wall_segment Stone Wall x5 |
| 34:38 | SSRP.BungoBaggins · age_up imperial |
| 35:10 | SSRP.BungoBaggins · first_building Castle |
| 36:51 | El Fantasma de Pancho Villa · age_up castle |
| 37:05 | El Fantasma de Pancho Villa · first_building Castle |
| 37:26 | Boywars · age_up imperial |
| 37:29 | Fun4 · age_up imperial |
| 37:48 | ELEG VACASADA · wall_segment Stone Wall x6 |
| 38:27 | Susheiro · age_up imperial |
| 38:53 | ELEG | KYNBA · first_building Castle |
| 39:31 | MEERIYEINMMD · first_building Archery Range |
| 40:18 | ELEG VACASADA · resign |
| 40:33 | SSRP.BungoBaggins · tribute_sent a jugador 2 |
| 40:33 | SSRP.BungoBaggins · tribute_sent a jugador 3 |
| 40:33 | SSRP.BungoBaggins · tribute_sent a jugador 4 |
| 40:33 | SSRP.BungoBaggins · tribute_sent a jugador 5 |
| 40:33 | SSRP.BungoBaggins · tribute_sent a jugador 6 |
| 40:33 | SSRP.BungoBaggins · tribute_sent a jugador 7 |
| 40:33 | SSRP.BungoBaggins · tribute_sent a jugador 8 |
| 40:47 | Fun4 · wall_segment Stone Wall x4 |
| 40:55 | MEERIYEINMMD · age_up imperial |
[ AI ANALYSIS · 1 CREDIT ]
What really happened in this match?
Wolo.gg analyzes every decision: build order, eco, micro, common mistakes by bracket. Personalized analysis on WhatsApp or Discord in 30 seconds.
Civ guide
Bulgarians
Perfil
Jugador #616934